 Dungeon Crawl Stone Soup version 0.17-a0-1447-g3d113ad (webtiles) character file.

4516 Ghalim the Basher (level 10, 0/83 HPs)
             Began as a Human Fighter on June 28, 2015.
             Was an Elder of Okawaru.
             Slain by an orc warrior
             ... wielding a +0 battleaxe
              (18 damage)
             ... on level 10 of the Dungeon on June 29, 2015.
             The game lasted 00:30:33 (10873 turns).

Ghalim the Basher (Human Fighter)                  Turns: 10873, Time: 00:30:33

Health: 0/83       AC: 14    Str: 19    XL:     10   Next: 66%
Magic:  8/10       EV: 10    Int: 10    God:    Okawaru [****..]
Gold:   464        SH: 11    Dex: 12    Spells: 0 memorised, 9 levels left

rFire  . . .     SeeInvis .     p - +0 whip (elec)
rCold  + . .     Clarity  .     n - +2 scale mail {rC+}
rNeg   . . .     SustAt   .     c - +0 shield
rPois  +         Gourm    .     (no helmet)
rElec  .         Spirit   .     h - +0 cloak
rCorr  .         Warding  .     D - +0 pair of gloves
rMut   .         Stasis   .     I - +0 pair of boots
MR     +....                    (no amulet)
Stlth  +.........               P - ring of protection from magic
                                m - ring of poison resistance

@: heroism, somewhat resistant to hostile enchantments, very unstealthy
A: no striking features
a: Heroism, Renounce Religion


You were on level 10 of the Dungeon.
You worshipped Okawaru.
Okawaru was greatly pleased with you.
You were hungry.

You visited 2 branches of the dungeon, and saw 11 of its levels.

You collected 464 gold pieces.

Inventory:

Hand weapons
 p - a +0 whip of electrocution (weapon)
Armour
 c - a +0 shield (worn)
 h - a +0 cloak (worn)
 n - a +2 scale mail of cold resistance (worn)
 D - a +0 pair of gloves (worn)
 I - a +0 pair of boots (worn)
Jewellery
 b - an uncursed ring of protection from cold
 m - a ring of poison resistance (left hand)
 y - a cursed amulet of stasis
 H - an uncursed ring of sustain attributes
 P - a ring of protection from magic (right hand)
Magical devices
 d - a wand of magic darts (13)
 o - a wand of frost (22)
 E - a wand of disintegration (13)
 F - a wand of polymorph (14)
 J - a wand of random effects (29)
Scrolls
 f - 2 scrolls of enchant armour
 g - 2 scrolls of immolation
 i - a scroll of identify
 l - 2 scrolls of recharging
 q - a scroll of random uselessness {unknown}
 r - a scroll of teleportation {unknown}
 s - 3 scrolls of magic mapping
 t - a scroll of fear {unknown}
 u - a scroll of amnesia {unknown}
 v - 6 scrolls of remove curse
 A - a scroll of blinking {unknown}
Potions
 j - a potion of magic
 k - 4 potions of brilliance {unknown}
 w - 2 potions of lignification {unknown}
 x - a potion of cancellation {unknown}
 z - a potion of berserk rage {unknown}
 C - a potion of agility {unknown}
 G - 2 potions of poison {unknown}
 K - a potion of mutation {unknown}
 O - a potion of heal wounds
Miscellaneous
 M - a disc of storms
Comestibles
 a - 3 meat rations
 e - 5 bread rations
 B - 4 slices of pizza
 L - 5 fruits


   Skills:
 + Level 9.1(14.1) Fighting
 * Level 12.1(17.1) Maces & Flails
 - Level 3.0(8.0) Armour
 - Level 3.0(8.0) Shields


You had 9 spell levels left.
You didn't know any spells.

Dungeon Overview and Level Annotations

Branches:
Dungeon (10/15)            Temple (1/1) D:4             Orc (0/4) D:10
   Lair: D:8-11

Altars:
Ashenzari
Cheibriados
Dithmenos
Elyvilon
Fedhas
Gozag
Kikubaaqudgha
Makhleb
Nemelex Xobeh
Okawaru
Qazlal
Ru
Sif Muna
Trog
Vehumet
Xom
Yredelemnul
Zin
The Shining One

Shops:
D:6 :

Annotations:
D:3 Grinder
D:5 Sigmund
D:8 Erolcha
D:9 Prince Ribbit


Message History

a short sword; a chain mail You hit the orc warrior but do no damage.
The orc warrior is heavily wounded.
You hit the orc warrior but do no damage.
There is a sudden explosion of sparks!
The orc warrior is almost dead.
You block the orc warrior's attack.
You barely miss the orc warrior.
The orc warrior is almost dead.
You hit the orc warrior but do no damage.
The orc warrior is almost dead.
You block the orc warrior's attack.
You hit the orc warrior but do no damage.
The orc warrior is almost dead.
You hit the orc warrior but do no damage.
The orc warrior is almost dead.
You hit the orc warrior.
The orc warrior is almost dead.
The orc warrior hits you with a battleaxe!!
You die...

...#..###
........#
#.#......#.#
#.##.. #.#.#
#.##.. #.#.#
#.##.# #.#.#
#.##.###.#<#
#.##@#.....#
#.#o#......#
#######.)###.....#
........#.#......#
........##.#.....#
........##.###.###
..$.....##.# #.#
#.....$.# .# #.#
#...>...? .# #.#


You could see an orc warrior.

Vanquished Creatures
  An unseen horror (D:10)
  Joseph (D:7)
  3 hungry ghosts
  A steam dragon (D:8)
  A water moccasin (D:9)
  Duvessa (D:5)
  3 orc warriors
  The ghost of busb the Cudgeler, an average OgWn (D:5)
  2 sky beasts
  5 ogres
  5 centaurs
  Blork the orc (D:5)
  3 giant frogs
  Dowan (D:4)
  A water moccasin skeleton (D:7)
  5 killer bees (D:7)
  2 giant frog zombies
  2 hounds (D:5)
  6 crimson imps
  An orc priest (D:6)
  2 quasits
  Jessica (D:3)
  An iguana (D:4)
  6 orc wizards
  4 worker ants
  A hound skeleton (D:3)
  A worker ant zombie (D:9)
  4 adders
  3 gnolls (D:3)
  2 shadow imps
  An adder zombie (D:7)
  3 worms
  6 giant geckos
  23 orcs
  2 ball pythons
  18 bats
  2 bat skeletons
  7 giant cockroaches
  12 goblins
  12 hobgoblins
  11 jackals
  19 kobolds
  5 quokkas
  A giant gecko skeleton (D:8)
  3 giant newts
  A quokka skeleton (D:5)
  12 rats
209 creatures vanquished.

Notes
Turn   | Place    | Note
--------------------------------------------------------------
     0 | D:1      | Ghalim the Human Fighter began the quest for the Orb.
     0 | D:1      | Reached XP level 1. HP: 18/18 MP: 1/1
   145 | D:1      | Reached XP level 2. HP: 24/24 MP: 2/2
   658 | D:1      | Reached XP level 3. HP: 25/29 MP: 3/3
  1679 | D:3      | Reached XP level 4. HP: 26/35 MP: 4/4
  1780 | D:3      | Found a radiant altar of Vehumet.
  2072 | D:3      | Noticed Grinder
  2393 | D:3      | Reached skill level 4 in Maces & Flails
  2393 | D:3      | Reached XP level 5. HP: 13/42 MP: 5/5
  2877 | D:3      | Noticed Jessica
  3036 | D:4      | Found a staircase to the Ecumenical Temple.
  3051 | Temple   | Entered the Ecumenical Temple
  3055 | Temple   | Became a worshipper of Warmaster Okawaru
  3331 | D:3      | Reached XP level 6. HP: 34/48 MP: 6/6
  3334 | D:3      | Reached skill level 5 in Maces & Flails
  3342 | D:3      | Killed Jessica
  3947 | D:5      | Entered Level 5 of the Dungeon
  4111 | D:5      | Reached XP level 7. HP: 52/55 MP: 7/7
  4121 | D:5      | Reached skill level 5 in Fighting
  4121 | D:5      | Reached skill level 6 in Maces & Flails
  4159 | D:5      | Noticed busb's ghost (average OgWn)
  4760 | D:5      | Noticed Sigmund
  5109 | D:5      | Killed busb's ghost
  5109 | D:5      | Acquired Okawaru's first power
  5295 | D:5      | Noticed Duvessa
  5295 | D:5      | Noticed Dowan
  5313 | D:5      | Killed Duvessa
  5313 | D:5      | Reached skill level 7 in Maces & Flails
  5313 | D:5      | Reached XP level 8. HP: 48/63 MP: 8/8
  5329 | D:4      | Killed Dowan
  5353 | D:5      | Noticed a sky beast
  5354 | D:5      | Found a burning altar of Makhleb.
  5376 | D:5      | Killed a sky beast
  5814 | D:5      | Reached skill level 8 in Maces & Flails
  5970 | D:5      | Found a blossoming altar of Fedhas.
  6018 | D:4      | Upgraded the game from 0.17-a0-1446-gc28613e to 0.17-a0-1447-g3d113ad
  6138 | D:5      | Noticed Blork the orc
  6526 | D:5      | Killed Blork the orc
  6872 | D:6      | Found a basalt altar of Yredelemnul.
  6907 | D:6      | Reached XP level 9. HP: 71/71 MP: 9/9
  6926 | D:6      | Found Ciofur's Book Emporium.
  7045 | D:5      | Reached skill level 9 in Maces & Flails
  7628 | D:5      | Found a snail-covered altar of Cheibriados.
  7911 | D:7      | Noticed Joseph
  8432 | D:8      | Reached skill level 10 in Maces & Flails
  8947 | D:8      | Noticed Erolcha
  9617 | D:7      | Killed Joseph
  9617 | D:7      | Reached XP level 10. HP: 65/80 MP: 8/10
 10057 | D:7      | Reached skill level 11 in Maces & Flails
 10248 | D:7      | Found a bloodstained altar of Trog.
 10668 | D:9      | Found a deep blue altar of Sif Muna.
 10687 | D:9      | Found a basalt altar of Yredelemnul.
 10756 | D:9      | Noticed a hill giant
 10758 | D:9      | Noticed Prince Ribbit
 10770 | D:10     | Entered Level 10 of the Dungeon
 10812 | D:10     | Found a staircase to the Orcish Mines.
 10852 | D:10     | Killed an unseen horror
 10852 | D:10     | Reached skill level 12 in Maces & Flails
 10873 | D:10     | Slain by an orc warrior

Vault maps used:
D:1:      roderic_dead_forest
D:3:      old_standard_altar, small_statue_intersection, nrook_mini_vaults,
          uniq_jessica, uniq_grinder
D:4:      temple_doors_e
D:5:      nicolae_overflow_hidden_temple, first_bread, uniq_blork_the_orc,
          uniq_sigmund, uniq_duvessa
D:6:      serial_shops, shop, yredelemnul_altar_generic
D:7:      lemuel_doored_altar, uniq_joseph
D:8:      small_chamber_with_monster, uniq_erolcha
D:9:      lemuel_crystal_altar, lemuel_round_altar, special_room, uniq_pikel,
          uniq_prince_ribbit1
D:10:     orc_david_3
Temple:   minmay_freezing_vapour_temple_12

Action                   |  1- 3 |  4- 6 |  7- 9 | 10-12 || total
-------------------------+-------+-------+-------+-------++-------
Melee: Flail             |    87 |    37 |       |       ||   124
       Whip              |       |   226 |   475 |   219 ||   920
Invok: Heroism           |       |       |     5 |     1 ||     6
  Use: Scroll            |       |     4 |     4 |       ||     8
       Potion            |       |       |     3 |       ||     3
  Eat: Chunk             |     1 |     8 |    17 |     6 ||    32
       Beef jerky        |       |       |     1 |       ||     1
